 Dungeon Crawl Stone Soup version 0.27-a0-1312-g5cdb2b3542 (webtiles) character file.

Game seed: 9818527121995697832

389 bilbop the Caller (level 7, -8/40 HPs)
             Began as a Kobold Summoner on June 19, 2021.
             Was a Follower of Yredelemnul.
             Mangled by a wyvern zombie (10 damage)
             ... on level 5 of the Dungeon.
             The game lasted 00:33:54 (7616 turns).

bilbop the Caller (Kobold Summoner)                 Turns: 7616, Time: 00:33:54

Health: -8/40      AC:  4    Str:  6    XL:     7   Next: 7%
Magic:  5/12       EV: 16    Int: 17    God:    Yredelemnul [*.....]
Gold:   144        SH:  0    Dex: 16    Spells: 9/12 levels left

rFire    . . .     SeeInvis .   a - +0 dagger (drain)
rCold    . . .     Faith    .   (shield restricted)
rNeg     + . .     Spirit   .   n - +2 robe {rN+}
rPois    .         Reflect  .   (no helmet)
rElec    .         Harm     .   (no cloak)
rCorr    .         Rampage  .   (no gloves)
Will     .....                  (no boots)
Stlth    ++++......             s - amulet of the acrobat
HPRegen  0.13/turn              (no ring)
MPRegen  0.13/turn              (no ring)

@: no status effects
A: small, no large weapons, nightstalker 3
a: Renounce Religion, Animate Remains


You were on level 5 of the Dungeon.
You worshipped Yredelemnul.
Yredelemnul was aware of your devotion.
You visited 2 branches of the dungeon, and saw 6 of its levels.

You collected 221 gold pieces.
You spent 77 gold pieces at shops.

Inventory:

Hand Weapons
 a - a +0 dagger of draining (weapon)
 b - a +0 hunting sling
 e - a +0 short sword
 l - a +0 dagger
Missiles
 f - 35 sling bullets
Armour
 c - a +0 robe
 n - a +2 robe of positive energy (worn)
Jewellery
 s - an amulet of the acrobat (around neck)
Wands
 v - a wand of flame (22)
Scrolls
 d - 3 scrolls of noise {unknown}
 g - a scroll of teleportation {unknown}
 i - a scroll of fear {unknown}
 j - 4 scrolls of immolation {unknown}
 k - a scroll of vulnerability {unknown}
 m - 2 scrolls of amnesia {unknown}
 q - a scroll of enchant weapon {unknown}
 r - 3 scrolls of identify {unknown}
 w - a scroll of fog {unknown}
Potions
 h - 2 potions of brilliance {unknown}
 o - a potion of resistance {unknown}
 p - a potion of mutation {unknown}
 t - a potion of heal wounds {unknown}
 u - 2 potions of curing {unknown}
 x - a potion of ambrosia {unknown}


   Skills:
 + Level 2.6 Fighting
 + Level 2.7 Short Blades
 + Level 1.3 Crossbows
 + Level 3.9 Dodging
 + Level 4.4 Stealth
 + Level 3.4 Spellcasting
 + Level 4.7 Summonings
 + Level 1.3 Invocations


You had 9 spell levels left.
You knew the following spells:

 Your Spells              Type           Power      Damage    Failure   Level
a - Summon Small Mammal   Summ           76%        N/A       2%          1
b - Call Imp              Summ           19%        N/A       3%          2

Your spell library contained the following spells:

 Spells                   Type           Power      Damage    Failure   Level
 Call Canine Familiar     Summ           19%        N/A       7%          3
 Animate Skeleton         Necr           4%         N/A       17%         1
 Magic Dart               Conj           8%         1d3       17%         1
 Pain                     Necr           8%         1d4       17%         1
 Summon Guardian Golem    Hex/Summ       11%        N/A       19%         3
 Searing Ray              Conj           4%         3d3       26%         2
 Dazzling Flash           Conj/Hex       4%         N/A       45%         3
 Vampiric Draining        Necr           1%         2d6       45%         3
 Summon Ice Beast         Ice/Summ       11%        N/A       54%         4
 Summon Lightning Spire   Summ/Air       11%        N/A       54%         4
 Animate Dead             Necr           1%         N/A       86%         4
 Fulminant Prism          Conj/Hex       1%         3d6       86%         4
 Iskenderun's Mystic Bla  Conj/Tloc      2%         2d3       86%         4
 Agony                    Necr           2%         N/A       99%         5


Dungeon Overview and Level Annotations

Branches:
Dungeon (5/15)             Temple (1/1) D:4

Altars:
Ashenzari
Cheibriados
Dithmenos
Elyvilon
Fedhas
Gozag
Hepliaklqana
Kikubaaqudgha
Makhleb
Nemelex Xobeh
Okawaru
Ru
Sif Muna
Trog
Uskayaw
Vehumet
Wu Jian
Xom
Yredelemnul
Zin
The Shining One

Shops:
D:2 :   D:3 [


Innate Abilities, Weirdness & Mutations

You are small and have problems with some larger weapons.
You are completely attuned to the shadows.


Message History

You hit the wyvern zombie but do no damage.
The wyvern zombie is heavily damaged.
The wyvern zombie closely misses you.
Your crimson imp hits the wyvern zombie.
Your crimson imp hits the wyvern zombie but does no damage.
The wyvern zombie misses you.
You hit the wyvern zombie but do no damage.
The wyvern zombie is severely damaged.
Your crimson imp blinks! x2
The wyvern zombie misses you.
You hit the wyvern zombie but do no damage.
The wyvern zombie is severely damaged.
The wyvern zombie bites you!
You hit the wyvern zombie.
The wyvern zombie is severely damaged.
The wyvern zombie bites you!
Your crimson imp barely misses the wyvern zombie.
You hit the wyvern zombie.
The wyvern zombie is severely damaged.
Your crimson imp blinks!
The wyvern zombie bites you but does no damage.
Your crimson imp blinks!
You hit the wyvern zombie but do no damage.
The wyvern zombie is severely damaged.
The wyvern zombie bites you.
You hit the wyvern zombie but do no damage.
The wyvern zombie is severely damaged.
The wyvern zombie bites you!
* * * LOW HITPOINT WARNING * * *
Your crimson imp hits the wyvern zombie.
You swap places.
The wyvern zombie misses you.
Your crimson imp barely misses the wyvern zombie.
The wyvern zombie completely misses you.
Your crimson imp hits the wyvern zombie but does no damage.
You hit the wyvern zombie.
The wyvern zombie is almost destroyed.
Your crimson imp hits the wyvern zombie but does no damage.
The wyvern zombie bites you!
You die...
Your body rises from the dead as a mindless zombie.

..........####.#.#####
................)...>#
....##....####.#####.#
### #.#### #..# #.# #.
#..# #.# #..## #.#
#...# #.# #5#.###.#
#5Z@....# ###..##.#
##.##.# #..#.# ###
##.#.# ..# #.# #.# #.#


You could see a wyvern zombie (ally target) and 2 friendly crimson imps.

Vanquished Creatures
  A necrophage (D:4)
  A scorpion (D:5)
  An iguana (D:4)
  An orc wizard (D:3)
  3 adders (D:4)
  A worm (D:4)
  2 dart slugs
  5 orcs
  7 ball pythons
  2 endoplasms (D:4)
  8 goblins
  4 hobgoblins
  2 jackals
  2 quokkas
  2 bats (D:1)
  2 frilled lizards
  2 kobolds
  2 rats
48 creatures vanquished.

Vanquished Creatures (collateral kills)
  A necrophage (D:5)
  A jelly (D:4)
  3 gnolls
  2 adders
  A worm (D:3)
  A dart slug (D:2)
  6 orcs
  4 ball pythons
  A bat (D:1)
  6 endoplasms
  A giant cockroach (D:2)
  A goblin (D:1)
  2 hobgoblins (D:1)
  5 jackals
  5 kobolds
  3 quokkas (D:1)
  2 frilled lizards
  4 rats (D:1)
49 creatures vanquished.

Vanquished Creatures (others)
  3 plants (D:1)
  4 withered plants (D:1)
7 creatures vanquished.

Grand Total: 104 creatures vanquished

Notes
Turn   | Place    | Note
-------+----------+-------------------------------------------
     0 | D:1      | bilbop the Kobold Summoner began the quest for the Orb.
     0 | D:1      | Reached XP level 1. HP: 10/10 MP: 3/3
   339 | D:1      | Found a faded altar of an unknown god.
   508 | D:1      | Reached XP level 2. HP: 6/16 MP: 0/5
  2089 | D:1      | Reached XP level 3. HP: 20/20 MP: 2/6
  2703 | D:1      | Reached skill level 1 in Fighting
  2922 | D:2      | Learned a level 2 spell: Call Imp
  2927 | D:2      | Found a snail-covered altar of Cheibriados.
  3254 | D:2      | Found Ugor's Book Emporium.
  4250 | D:3      | Found Ywizoarch's Antique Armour Shop.
  4260 | D:3      | Bought a runed robe for 77 gold pieces
  4285 | D:3      | Reached XP level 4. HP: 25/25 MP: 7/7
  4294 | D:3      | Reached skill level 1 in Short Blades
  5292 | D:4      | Reached XP level 5. HP: 30/30 MP: 2/9
  5885 | D:4      | Found a staircase to the Ecumenical Temple.
  5897 | Temple   | Entered the Ecumenical Temple
  6286 | Temple   | Became a worshipper of Yredelemnul the Dark
  6573 | D:4      | Reached XP level 6. HP: 35/35 MP: 10/10
  6672 | D:4      | Noticed a necrophage
  6682 | D:4      | Killed a necrophage
  6713 | D:4      | Reached skill level 1 in Invocations
  7099 | D:5      | Entered Level 5 of the Dungeon
  7294 | D:5      | Reached * piety under Yredelemnul
  7295 | D:5      | Reached skill level 1 in Crossbows
  7442 | D:5      | Noticed a necrophage
  7457 | D:5      | Killed a necrophage
  7458 | D:5      | Reached XP level 7. HP: 28/40 MP: 7/12
  7613 | D:5      | HP: 2/40 [wyvern zombie (13)]
  7616 | D:5      | Mangled by a wyvern zombie

Illustrated notes

Levels and vault maps discovered:
D:1:      tarquinn_simple_flora_water_e, layout_basic,
          shapermc_ecumenical_altar_flowoftime, st_stairs_2
D:2:      layout_loops_corners, serial_shops, nicolae_lakefront_shop,
          basic_altar
D:3:      layout_rooms, serial_shops, nicolae_shop_trees,
          corexii_leaking_fountain, serial_park_tiny_1,
          minmay_goblin_kobold_house
D:4:      layout_gridville, minmay_temple_entry_junction
D:5:      layout_basic
Temple:   nicolae_temple_the_god_donut

Skill      XL: |  1  2  3  4  5  6 |
---------------+-------------------+-----
Stealth        | 3 4 |  4.4
Fighting       | 1 2 |  2.6
Dodging        | 3 |  3.9
Short Blades   | 1 2 |  2.7
Spellcasting   | 3 |  3.4
Invocations    | 1 |  1.3
Crossbows      | 1 |  1.3
Summonings     | |  4.7

Action                   |  1- 3 |  4- 6 |  7- 9 || total
-------------------------+-------+-------+-------++-------
Melee: Short sword       |    16 |       |       ||    16
       Dagger            |    54 |   105 |    10 ||   169
 Cast: Summon Small Mamm |    69 |    18 |     2 ||    89
       Call Imp          |    11 |    33 |     4 ||    48
 Stab: Distracted        |     1 |       |       ||     1
       Sleeping          |     8 |    14 |       ||    22
Armor: Robe              |    14 |    18 |     1 ||    33
Dodge: Dodged            |    63 |    79 |     9 ||   151

Table legend: (Time is in decaauts)
 A = Elapsed time spent in this place.
 B = Non-inter-level travel time spent in this place.
 C = Inter-level travel time spent in this place.
 D = Time resting spent in this place.
 E = Time spent auto-exploring this place.
 F = Levels seen in this place.
 G = Mean time per level.
                   A        B        C        D        E       F      G
               +--------+--------+--------+--------+--------+-----+--------+
         Total |   7605 |   7451 |    154 |   1027 |   5549 |   6 | 1267.5 |
       Dungeon |   7203 |   7073 |    130 |   1027 |   5174 |   5 | 1440.6 |
        Temple |    401 |    377 |     24 |      0 |    375 |   1 |  401.0 |
               +--------+--------+--------+--------+--------+-----+--------+

Top non-repeatable levels by time:
     D:1: 2917 daAuts
     D:2: 1329 daAuts
     D:3: 1245 daAuts
     D:4: 1198 daAuts
     D:5: 513 daAuts
  Temple: 401 daAuts
